 Dungeon Crawl Stone Soup version bcrawl-1.20 (webtiles) character file.

Game seed: 13511230786229828823

2998 Mrkan the Basher (level 9, -1/96 (97) HPs)
             Began as an Ogre Fighter on Jan 21, 2020.
             Was a Believer of Fedhas.
             Slain by an orc
             ... wielding a +0 trident
              (5 damage)
             ... on level 7 of the Dungeon.
             The game lasted 00:07:16 (5783 turns).

Mrkan the Basher (Ogre Fighter)                     Turns: 5783, Time: 00:07:16

HP:   -1/96 (97)    AC:  5    Str: 22    XL:     9   Next: 84%
MP:   9/9           EV: 16    Int: 14    God:    Fedhas [**....]
Gold: 423           SH:  9    Dex: 16    Spells: 8/8 levels left

rFire    + . .     SeeInvis .   l - +2 whip (elec)
rCold    . . .     Gourm    .   c - +0 shield
rNeg     . . .     Faith    .   s - +0 troll leather armour {Purgy}
rPois    +         Spirit   .   (helmet restricted)
rElec    .         Reflect  .   (no cloak)
rCorr    .         Harm     .   (gloves unavailable)
MR       .....                  (boots unavailable)
Stlth    ++........             (no amulet)
HPRegen  0.66/turn              f - ring of poison resistance
MPRegen  0.11/turn              B - ring of protection from fire

@: brilliant, agile, hasted, very quick
A: large, unfitting armour, tough skin 1
a: Fungal Bloom, Sunlight, Evolution, Renounce Religion


You were on level 7 of the Dungeon.
You worshipped Fedhas.
Fedhas was pleased with you.
You were not hungry.

You visited 1 branch of the dungeon, and saw 7 of its levels.
You also visited: Sewer.

You collected 423 gold pieces.

Inventory:

Hand Weapons
 l - a +2 whip of electrocution (weapon)
Missiles
 t - 44 large rocks (quivered)
Armour
 c - a +0 shield (worn)
 s - a +0 troll leather armour (worn) {Purgy}
Jewellery
 f - a ring of poison resistance (left hand)
 B - a ring of protection from fire (right hand)
Wands
 q - a wand of iceblast (12)
Scrolls
 a - 2 scrolls of enchant weapon {unknown}
 b - a scroll of teleportation {unknown}
 j - 8 scrolls of identify {unknown}
 k - 3 scrolls of remove curse {unknown}
 m - 3 scrolls of amnesia {unknown}
 o - 2 scrolls of immolation {unknown}
 r - a scroll of fear {unknown}
 v - a scroll of fog {unknown}
 w - a scroll of vulnerability {unknown}
 y - a scroll of blinking {unknown}
 A - a scroll of noise {unknown}
Potions
 d - a potion of might
 g - a potion of berserk rage {unknown}
 h - 2 potions of curing {unknown}
 i - 3 potions of agility
 n - 2 potions of invisibility {unknown}
 p - a potion of lignification {unknown}
 u - a potion of brilliance
 x - 2 potions of haste
 z - a potion of degeneration {unknown}
Comestibles
 e - 13 rations {!d}
 C - 3 chunks of flesh


   Skills:
 + Level 8.7 Fighting
 * Level 10.3 Maces & Flails
 + Level 4.8 Armour
 + Level 6.1 Dodging
 - Level 2.6 Shields


You had 8 spell levels left.
You didn't know any spells.
Your spell library was empty.

Dungeon Overview and Level Annotations

Branches:
Dungeon (7/12)             Temple (0/1) D:6
   Lair: D:7-9

Altars:
Fedhas
Hepliaklqana
Okawaru
Sif Muna
Uskayaw
Vehumet
Zin

Shops:
D:5 :


Innate Abilities, Weirdness & Mutations

You are too large for most types of armour.
You have tough skin. (AC +1)


Message History

* * * LOW HITPOINT WARNING * * *
The orc hits you but does no damage.
You see here a +0 flail.
It was a potion of agility.
You feel agile all of a sudden. You block the phantom's attack.
You block the orc's attack. You block the orc wizard's attack.
The orc completely misses you. The orc warrior barely misses you.
It was a potion of haste.
You feel yourself speed up.
The phantom hits you but does no damage.
You block the orc's attack.
The orc wizard looks encouraged for a moment.
The orc misses you.
It was a potion of brilliance.
You feel clever all of a sudden. The orc warrior barely misses you.
The phantom hits you.
* * * LOW HITPOINT WARNING * * *
The orc hits you from afar with a +0 trident.
You die...
Fedhas appreciates your contribution to the ecosystem.

###...........'.....#
..............#.....#
..............#.....#
..#...........#.....#
..# ..........#.....#
..# ####.....#.....#
...... #.....#oo...#
...... #.....+.oo..#
....... #.@...#
....... #.W...#
....... #.....#
..#### ......# ..#
.......# ........#
.........#
..........#


You could see a phantom, an orc warrior, an orc wizard and 2 orcs.

Vanquished Creatures
  Grinder (D:3)
  Prince Ribbit (D:5)
  Sigmund (D:3)
  Eustachio (D:5)
  A crocodile (Sewer)
  Duvessa (D:7)
  Purgy (D:3)
  2 sky beasts (D:6)
  A necrophage (D:5)
  An orc warrior (D:6)
  An ice beast (D:6)
  3 phantoms
  2 centaurs (D:6)
  3 bullfrogs
  Blork the orc (D:6)
  Dowan (D:7)
  3 scorpions
  A crimson imp (D:5)
  A hound (D:4)
  A jelly (D:6)
  A bullfrog skeleton (D:6)
  4 orc priests
  3 orc wizards
  An iguana (D:4)
  5 worker ants
  A killer bee zombie (D:6)
  3 adders (D:3)
  2 river rats (D:4)
  A shadow imp (D:6)
  3 oozes
  2 adder skeletons
  5 worms
  8 leopard geckos
  14 orcs
  4 bats
  6 giant cockroaches
  4 goblins
  4 hobgoblins
  9 jackals
  3 quokkas
  4 ball pythons (D:4)
  5 frilled lizards
  10 kobolds
  A quokka skeleton (D:4)
  2 rats (D:4)
133 creatures vanquished.

Notes
Turn   | Place    | Note
-------+----------+-------------------------------------------
     0 | D:1      | Mrkan the Ogre Fighter began the quest for the Orb.
     0 | D:1      | Reached XP level 1. HP: 24/24 MP: 1/1
    99 | D:1      | Reached XP level 2. HP: 32/32 MP: 2/2
   152 | D:1      | Reached skill level 3 in Maces & Flails
   608 | D:1      | Reached XP level 3. HP: 37/39 MP: 3/3
   700 | D:2      | Reached skill level 1 in Armour
   994 | D:2      | Reached XP level 4. HP: 48/49 MP: 4/4
  1016 | D:2      | Found a shimmering blue altar of Sif Muna.
  1863 | D:3      | Reached skill level 4 in Maces & Flails
  2039 | D:3      | Noticed a phantom
  2056 | D:3      | Killed a phantom
  2056 | D:3      | Reached skill level 5 in Fighting
  2056 | D:3      | Reached XP level 5. HP: 32/57 MP: 5/5
  2392 | D:3      | Noticed Purgy
  2419 | D:3      | Killed Purgy
  2419 | D:3      | Reached skill level 5 in Maces & Flails
  2419 | D:3      | Reached XP level 6. HP: 46/66 MP: 6/6
  2493 | D:3      | Noticed Sigmund
  2503 | D:3      | Killed Sigmund
  2503 | D:3      | Reached XP level 7. HP: 69/74 MP: 7/7
  2583 | D:3      | Noticed Grinder
  2592 | D:3      | Paralysed by Grinder for 4 turns
  2600 | D:3      | Killed Grinder
  2600 | D:3      | Reached skill level 6 in Maces & Flails
  3161 | D:4      | Found a blossoming altar of Fedhas.
  3172 | D:4      | Became a worshipper of Fedhas Madash
  3357 | D:4      | Reached skill level 7 in Maces & Flails
  3367 | D:4      | Reached XP level 8. HP: 80/84 MP: 8/8
  3373 | D:4      | Found a glowing drain.
  3382 | Sewer    | Entered a sewer
  3558 | D:5      | Entered Level 5 of the Dungeon
  3579 | D:5      | Noticed Eustachio
  3597 | D:5      | Killed Eustachio
  3661 | D:5      | Noticed Prince Ribbit
  3767 | D:5      | Killed Prince Ribbit
  3767 | D:5      | Reached * piety under Fedhas
  3767 | D:5      | Reached skill level 8 in Maces & Flails
  3767 | D:5      | Reached skill level 5 in Dodging
  3951 | D:5      | Found a hazy altar of Hepliaklqana.
  4019 | D:5      | Found a hazy altar of Hepliaklqana.
  4140 | D:5      | Found Cikhigo's Book Shop.
  4237 | D:5      | Reached XP level 9. HP: 92/92 MP: 9/9
  4602 | D:6      | Found a staircase to the Ecumenical Temple.
  4669 | D:6      | Found an iron altar of Okawaru.
  4676 | D:6      | Reached skill level 9 in Maces & Flails
  4738 | D:6      | Reached ** piety under Fedhas
  5047 | D:6      | Found a glowing silver altar of Zin.
  5047 | D:6      | Noticed an angel
  5417 | D:6      | Noticed Blork the orc
  5428 | D:6      | Killed Blork the orc
  5428 | D:6      | Reached skill level 10 in Maces & Flails
  5595 | D:7      | Found a hide-covered altar of Uskayaw.
  5610 | D:7      | Noticed Duvessa
  5613 | D:7      | Noticed Dowan
  5620 | D:7      | Killed Duvessa
  5624 | D:7      | Killed Dowan
  5644 | D:7      | Found a radiant altar of Vehumet.
  5783 | D:7      | HP: 4/96 [phantom (4)]
  5783 | D:7      | Slain by an orc

Skill      XL: |  1  2  3  4  5  6  7  8  9 |
---------------+----------------------------+-----
Maces & Flails | 3 4 5 7 8 10 | 10.3
Armour         | 1 2 3 4 |  4.8
Dodging        | 3 4 5 6 |  6.1
Fighting       | 5 6 7 8 |  8.7
Shields        | |  2.6

Action                   |  1- 3 |  4- 6 |  7- 9 || total
-------------------------+-------+-------+-------++-------
Melee: Flail             |   101 |    33 |       ||   134
       Whip              |       |    93 |   343 ||   436
  Use: Potion            |       |       |     3 ||     3
  Eat: Chunk             |       |     5 |     8 ||    13
       Ration            |       |       |     1 ||     1
Armor: Robe              |    40 |    31 |       ||    71
       Troll leather arm |       |     6 |    72 ||    78
Dodge: Dodged            |    52 |    40 |    94 ||   186
Block: Shield            |    63 |    41 |    90 ||   194
